AoeStats
← francismorin10

Arena

506402437Analyzed
2v2 RM · 20d ago on Sep 13, 2026· 26m 24s· 4 players
Game mode
Random Map
Map size
Medium (4 player)
Population
200
Speed
Normal
Resources
Standard
Victory
Conquest
Starting age
Dark Age
Ending age
Imperial Age
RankedLock teamsTeams togetherTeam positionsShared explorationLock speedFull tech treeHidden civsTurbo modeCheats
Victory
Defeat
🇨🇦 Celts · Canada
1087
+13
🇨🇦 Bohemians · Canada
927
+19
🇦🇷 Aztecs · Argentina
1007
-16
🇵🇪 Saracens · Peru
1004
-16
Lauchabtz
10:54 Feudal Age
9:09 Loom
15:43 Castle Age
16:55 Double-Bit Axe
18:23 Fervor
19:02 Horse Collar
19:41 Scale Mail Armor
21:08 Gambesons
22:30 Sanctity
RaskWarrioR
10:55 Feudal Age
11:58 Loom
12:53 Wheelbarrow
15:09 Castle Age
13:48 Loom
15:27 Double-Bit Axe
17:27 Bow Saw
23:23 Padded Archer Armor
anthony.tourigny66
10:55 Feudal Age
12:28 Double-Bit Axe
15:27 Castle Age
13:48 Double-Bit Axe
14:09 Horse Collar
16:22 Bow Saw
16:57 Wheelbarrow
16:50 Heavy Plow
francismorin10
12:01 Feudal Age
16:27 Castle Age
14:39 Double-Bit Axe
15:11 Horse Collar
24:30 Bow Saw
24:24 Heavy Plow
27:46 Chemistry
Connection lost

Rejoining the realm…

Still unreachable

The connection could not be restored.

Session expired

The server has moved on; the page needs a fresh start.